 Dungeon Crawl Stone Soup version 0.30-a0-870-gc5d4c5acee (webtiles) character file.

Game seed: 6525320000770472739

197 Jannitor the Trooper (level 6, -4/42 (47) HPs)
             Began as a Djinni Chaos Knight on Mar 11, 2023.
             Was a Plaything of Xom.
             Slain by an ogre
             ... wielding a +0 giant club
              (24 damage)
             ... on level 4 of the Dungeon.
             The game lasted 00:04:49 (3201 turns).

Jannitor the Trooper (Djinni Chaos Knight)          Turns: 3201, Time: 00:04:52

HP:   -4/42 (47)    AC:  5    Str: 15    XL:     6   Next: 5%
Gold: 220           EV: 13    Int: 16    God:    Xom [..*...] SH:  0 Dex: 12

rFire   + + .      SeeInvis .    s - +1 dagger (venom)
rCold   x . .      Faith    .    (no shield)
rNeg    . . .      Spirit   .    o - +3 robe of Inviolability {rElec}
rPois   ∞          Reflect  .    (no helmet)
rElec   +          Rampage  .    (no cloak)
rCorr   .          Rage     3%   (no gloves)
Will    .....                    (boots unavailable)
Stlth   ++                       (no amulet)
HPRegen 0.27/turn                f - +6 ring of strength
MPRegen 0.00/turn                (no ring)

@: flying, very slightly contaminated, heavily drained
A: sickness immunity, fire resistance 2, cold vulnerability 1, float, innate
caster, HP casting, extra vitality 1, berserk 1, weak 1
a: Renounce Religion


You were on level 4 of the Dungeon.
You worshipped Xom.
You were a toy of Xom.
You visited 1 branch of the dungeon, and saw 4 of its levels.

You collected 220 gold pieces.

Inventory:

Hand Weapons
 a - a +0 short sword of chaos
 s - a +1 dagger of venom (weapon)
Armour
 b - a +3 leather armour
 o - the +3 robe of Inviolability (worn) {rElec}
   (You found it on level 2 of the Dungeon)

   rElec:     It insulates you from electricity.
 t - a +0 tower shield
Jewellery
 f - a +6 ring of strength (left hand)
Wands
 r - a wand of mindburst (16)
Scrolls
 h - a scroll of teleportation
 k - a scroll of magic mapping {unknown}
 l - a scroll of noise
Potions
 d - a potion of heal wounds
 e - 2 potions of curing
 g - a potion of berserk rage {unknown}
 i - a potion of might {unknown}
 j - 2 potions of haste {unknown}
 m - a potion of degeneration {unknown}
 q - a potion of flight {unknown}
Miscellaneous
 c - a piece from Xom's chessboard (15/15) (quivered)


   Skills:
 + Level 3.8 Fighting
 + Level 3.5 Short Blades
 - Level 1.2 Armour
 + Level 3.4 Dodging
 + Level 1.7 Stealth
 + Level 1.3 Spellcasting


You knew the following spells:

 Your Spells              Type           Power      Damage    Failure   Level
a - Slow                  Hex            20%        N/A       13%         1
b - Poisonous Vapours     Pois/Air       10%        N/A       19%         2
Your spell library was empty.

Dungeon Overview and Level Annotations

Branches:
Dungeon (4/15)
 Temple: D:4-7

Altars:
Okawaru

Shops:
D:3 =

Annotations:
D:4 Eustachio


Innate Abilities, Weirdness & Mutations

You are immune to sickness and miasma.
You are immune to poison.
Your flesh is very heat resistant. (rF++)
You are vulnerable to cold. (rC-)
You float through the air rather than walking.
You learn spells naturally, not from books.
Your magical power is your life essence.
You have superior vitality. (+4 MHP)
You sometimes lose your temper in combat.
You are weak. (Str -2)


Message History

Aiming: Poisonous Vapours (safe; 19% risk of failure)
Press: ? - help, Dir - move target, f/p - ogre
Aim: an ogre, wielding a +0 giant club (poisoned) Poisonous vapours surround the ogre!
The ogre looks even sicker.
Casting: Poisonous Vapours (safe; 19% risk of failure)
Confirm with . or Enter, or press ? or * to list all spells.
Aiming: Poisonous Vapours (safe; 19% risk of failure)
Press: ? - help, Dir - move target, f/p - ogre
Aim: an ogre, wielding a +0 giant club (very poisoned) Poisonous vapours surround the ogre!
The ogre looks even sicker.
You hit the ogre.
The ogre looks as sick as possible!
The ogre is lightly wounded.
The ogre misses you.
The ogre hits you with a +0 giant club!!
Ouch! That really hurt!
* * * LOW HITPOINT WARNING * * *
You feel much better. The ogre attacks as you move away! The ogre misses you.
The ogre attacks as you move away! The ogre misses you.
Casting: Poisonous Vapours (safe; 19% risk of failure)
Confirm with . or Enter, or press ? or * to list all spells.
Aiming: Poisonous Vapours (safe; 19% risk of failure)
Press: ? - help, Dir - move target, f/p - ogre
Aim: an ogre, wielding a +0 giant club (almost dead, very poisoned)
You miscast Poisonous Vapours.
You are very lightly contaminated with residual magic.
Nothing appears to happen.
Unknown command.
The ogre attacks as you move away!
The ogre hits you with a +0 giant club!!
Casting: Poisonous Vapours (safe; 19% risk of failure)
Confirm with . or Enter, or press ? or * to list all spells.
Aiming: Poisonous Vapours (safe; 19% risk of failure)
Press: ? - help, Dir - move target, f/p - ogre
Aim: an ogre, wielding a +0 giant club (almost dead, very poisoned) Poisonous vapours surround the ogre!
The ogre looks even sicker.
The ogre hits you with a +0 giant club!!
Ouch! That really hurt!
You die...
Xom cackles wildly!

##.......#... ................
#...##.....##@.##.....#......
###...#.##.....# #....###..##.
##..#....##.....####...#...†... #
#...##.............##....##....
.##...##..........#..##....###...
.#....##.........##.........##.#.
.................##..##.#..###.#.
...............O@...#####..###...
..##..............#...##..###..#.
..#.............###........##..#.
..............####.........#...##
.....#.........##...............#
..##.#..........##..............#
................#................
.................................
.................................


You could see Eustachio (wandering) and an ogre (very poisoned).

Vanquished Creatures
  A hound (D:4)
  An orc wizard (D:3)
  A gnoll (D:1)
  2 adders (D:3)
  A worm (D:2)
  3 dart slugs
  5 orcs (D:3)
  8 bats
  5 endoplasms
  6 giant cockroaches
  6 goblins
  3 hobgoblins
  4 jackals (D:1)
  3 quokkas
  9 ball pythons
  6 kobolds
  5 rats
69 creatures vanquished.

Vanquished Creatures (collateral kills)
  A jelly (D:4)
1 creature vanquished.

Grand Total: 70 creatures vanquished

Notes
Turn   | Place    | Note
-------+----------+-------------------------------------------
     0 | D:1      | Jannitor the Djinni Chaos Knight began the quest for the
                  | Orb.
     0 | D:1      | Reached XP level 1. HP: 20/20 MP: 0/0
    34 | D:1      | Reached XP level 2. HP: 19/25 MP: 0/0
    65 | D:1      | XOM: silly message
    84 | D:1      | XOM: polymorph rat -> endoplasm
   267 | D:1      | Reached XP level 3. HP: 24/30 MP: 0/0
   267 | D:1      | Learned a level 1 spell: Slow
   537 | D:1      | XOM: stat loss: -1 Dex (11/12)
   571 | D:1      | XOM: chaos upgrade
   632 | D:1      | Reached XP level 4. HP: 35/35 MP: 0/0
   921 | D:2      | Found an iron altar of Okawaru.
  1020 | D:2      | XOM: noise
  1054 | D:2      | XOM: stat loss: -1 Int (15/16)
  1243 | D:2      | XOM: stat loss: -1 Int (14/16)
  1259 | D:2      | Identified the +3 robe of Inviolability {rElec}
  1505 | D:2      | XOM: give mutations
  1505 | D:2      | Gained mutation: You are weak. (Str -2) [Xom's mischief]
  1505 | D:2      | Gained mutation: You have hidden genetic defects. [Xom's
                  | mischief]
  1505 | D:2      | Lost mutation: You have hidden genetic defects. [Xom's
                  | mischief]
  1505 | D:2      | Gained mutation: You sometimes lose your temper in combat.
                  | [Xom's mischief]
  1979 | D:3      | Reached skill level 1 in Stealth
  2023 | D:3      | XOM: confusion
  2047 | D:3      | Reached skill level 1 in Spellcasting
  2165 | D:3      | Reached XP level 5. HP: 35/40 MP: 0/0
  2165 | D:3      | Learned a level 2 spell: Poisonous Vapours
  2195 | D:3      | Found Niruninu's Jewellery Shop.
  2464 | D:3      | XOM: silly message
  2536 | D:3      | XOM: torment (21/40 hp)
  2818 | D:3      | XOM: summons 2 hostile shadow creatures
  2952 | D:4      | Noticed an ogre
  2966 | D:4      | XOM: summons 3 friendly demons
  3044 | D:4      | XOM: draining
  3125 | D:4      | Reached XP level 6. HP: 39/42 MP: 0/0
  3173 | D:4      | Noticed Eustachio
  3201 | D:4      | Slain by an ogre

Illustrated notes

Levels and vault maps discovered:
D:1:      minmay_arrival_arboretum_small, layout_basic, minmay_misc_feat_doors,
          minmay_statues_item, minmay_pentomino_v4
D:2:      layout_basic, basic_altar
D:3:      layout_basic, serial_shops, nicolae_shop_trees
D:4:      layout_cave_pools, uniq_crazy_yiuf_cottage, uniq_eustachio

Skill      XL: |  1  2  3  4 |
---------------+-------------+-----
Short Blades   | 3 |  3.5
Dodging        | 3 |  3.4
Stealth        | 1 |  1.7
Spellcasting   | 1 |  1.3
Fighting       | |  3.8
Armour         | |  1.2

Action                     |  1- 3 |  4- 6 || total
---------------------------+-------+-------++-------
  Melee: Short sword       |    98 |   125 ||   223
         Punch             |     2 |     1 ||     3
         Dagger            |       |    61 ||    61
   Cast: Slow              |       |     1 ||     1
         Poisonous Vapours |       |    13 ||    13
    Use: Scroll            |       |     8 ||     8
         Potion            |       |     2 ||     2
   Stab: Sleeping          |     1 |     1 ||     2
         Confused          |       |     1 ||     1
         Paralysed         |       |     1 ||     1
 Armour: Leather armour    |    40 |    17 ||    57
         Robe              |       |    36 ||    36
  Dodge: Dodged            |    70 |    94 ||   164

Table legend: (Time is in decaauts)
 A = Elapsed time spent in this place.
 B = Non-inter-level travel time spent in this place.
 C = Inter-level travel time spent in this place.
 D = Time resting spent in this place.
 E = Time spent auto-exploring this place.
 F = Levels seen in this place.
 G = Mean time per level.
                   A        B        C        D        E       F      G
               +--------+--------+--------+--------+--------+-----+--------+
         Total |   3222 |   3072 |    150 |    211 |   2251 |   4 |  805.5 |
       Dungeon |   3222 |   3072 |    150 |    211 |   2251 |   4 |  805.5 |
               +--------+--------+--------+--------+--------+-----+--------+

Top non-repeatable levels by time:
     D:3: 1108 daAuts
     D:2: 981 daAuts
     D:1: 815 daAuts
     D:4: 317 daAuts
